 Dungeon Crawl Stone Soup version 0.17.1-2-g5865329 (webtiles) character file.

83232 christos the Grappler (level 15, -6/158 HPs)
             Began as a Troll Fighter on Jan 18, 2016.
             Was the Champion of Qazlal.
             Succumbed to a hornet's poison
             ... on level 1 of the Swamp.
             The game lasted 01:57:17 (28469 turns).

christos the Grappler (Troll Fighter)              Turns: 28469, Time: 01:57:20

Health: -6/158     AC: 18    Str: 29    XL:     15   Next: 31%
Magic:  21/21      EV: 13    Int:  4    God:    Qazlal [******]
Gold:   2501       SH:  8    Dex: 13    Spells: 0 memorised, 14 levels left

rFire  + + .     SeeInvis .       - Unarmed
rCold  . . .     Clarity  .     K - +0 fire dragon armour
rNeg   + . .     SustAt   .     (no shield)
rPois  .         Gourm    +     (helmet restricted)
rElec  .         Spirit   .     n - +0 cloak
rCorr  .         Warding  +     (gloves unavailable)
rMut   .         Stasis   .     (boots unavailable)
MR     +....                    g - amulet of warding
Stlth  ..........               x - ring of protection from cold
                                p - +5 ring of slaying

@: lethally poisoned (-6 -> -65), protected from physical damage, slowed, repel
missiles, drained, very slow, somewhat resistant to hostile enchantments,
extremely unstealthy
A: unfitting armour, claws 3, fast metabolism 3, gourmand, regeneration 2,
shaggy fur 1, tough skin 2
a: Upheaval, Elemental Force, Disaster Area, Renounce Religion


You were on level 1 of the Swamp.
You worshipped Qazlal.
Qazlal was exalted by your worship.
You were not hungry.

You visited 5 branches of the dungeon, and saw 27 of its levels.

You collected 2756 gold pieces.
You spent 255 gold pieces at shops.

Inventory:

Armour
 a - a swamp dragon hide
 b - a +0 shield
 n - a +0 cloak (worn)
 t - a +2 robe of magic resistance
 K - a +0 fire dragon armour (worn)
Jewellery
 g - an amulet of warding (around neck)
 p - a +5 ring of slaying (left claw)
 r - an uncursed ring of sustain attributes
 w - an uncursed ring of poison resistance
 x - a ring of protection from cold (right claw)
 z - an uncursed amulet of stasis
 D - a +3 ring of dexterity
 R - an uncursed ring of see invisible
Wands
 c - a wand of flame (20)
 A - a wand of digging (13)
 E - a wand of random effects (20)
 F - a wand of cold (9)
 G - a wand of paralysis (13)
 H - a wand of cold (6)
 X - a wand of magic darts (17)
 Y - a wand of invisibility (5)
Scrolls
 e - 11 scrolls of remove curse
 f - 6 scrolls of magic mapping
 h - 14 scrolls of identify
 i - 5 scrolls of fear
 j - a scroll of recharging
 k - 8 scrolls of teleportation
 o - 6 scrolls of enchant weapon
 v - 5 scrolls of enchant armour
 U - a scroll of fog
Potions
 m - a potion of berserk rage {unknown}
 q - 5 potions of cancellation
 u - 7 potions of curing
 B - 2 potions of brilliance
 C - a potion of cure mutation
 I - 2 potions of magic
 O - a potion of flight
 P - a potion of invisibility
 Q - a potion of resistance
 S - 3 potions of heal wounds
 V - 2 potions of might
 W - 3 potions of agility
Miscellaneous
 y - a stone of tremors
Comestibles
 d - 16 bread rations
 l - 13 beef jerkies
 s - 6 meat rations
 J - 3 slices of pizza
 L - 10 fruits
 N - a royal jelly


   Skills:
 - Level 12.6(12.2) Fighting
 - Level 9.7(9.3) Armour
 - Level 10.3(9.9) Dodging
 - Level 2.4(2.1) Shields
 - Level 13.1(12.7) Unarmed Combat
 * Level 10.0(9.6) Invocations
 - Level 0.4(0.1) Evocations


You had 14 spell levels left.
You didn't know any spells.

Dungeon Overview and Level Annotations

Branches:
Dungeon (15/15) Temple (1/1) D:6 Lair (5/8) D:10 Swamp (2/4) Lair:5 Spider (0/4) Lair:5 Orc (4/4) D:12 Elf (0/3) Orc:3 Vaults (0/5) D:12 D:13 Depths (0/5) D:15

Altars:
Ashenzari
Dithmenos
Elyvilon
Fedhas
Gozag
Kikubaaqudgha
Makhleb
Nemelex Xobeh
Okawaru
Qazlal
Ru
Sif Muna
Trog
Vehumet
Xom
Yredelemnul
Zin
The Shining One
Beogh
Jiyva

Shops:
D:6 }   D:14 *   D:15 }   Orc:1 [   Orc:4 [[?(

Portals:
Trove: D:10 (give 12 potions of heal wounds)


Innate Abilities, Weirdness & Mutations

You are too large for most types of armour.
You have claws for hands.
Your metabolism is lightning-fast.
You like to eat raw meat.
You heal very quickly.
You are covered in fur (AC +1).
You have very tough skin (AC +2).


Message History

The swamp worm is engulfed in spectral mist.
The swamp worm bites you but does no damage.
The spectral snapping turtle bites you.
* * * LOW HITPOINT WARNING * * *
The spectral eight-headed hydra is engulfed in freezing vapours.
The spectral four-headed hydra bites you.
* * * LOW HITPOINT WARNING * * *
The spectral four-headed hydra bites you but does no damage.
The spectral four-headed hydra bites you.
* * * LOW HITPOINT WARNING * * *
You partially resist.
You feel drained.
The spectral four-headed hydra bites you!
* * * LOW HITPOINT WARNING * * *
The hornet stings you!
* * * LOW HITPOINT WARNING * * *
You are more poisoned.
You feel as though you will be slow longer.
You can move again.
You climb upwards.
You die...

♣♣≈.≈≈..♣♣..♣♣
♣.≈≈≈.♣ ♣..≈.
♣..≈≈≈.♣♣♣..♣
♣.≈≈≈.♣♣ ♣≈≈..
♣......♣♣♣..♣
♣♣.≈≈÷≈.♣♣ ♣≈≈§.
♣♣..♣♣.§.♣♣..♣
♣.§≈..≈..♣♣♣§.♣.
♣..♣♣♣♣..♣♣.<♣
♣♣≈≈♣.♣≈...≈♣)..≈
♣.♣♣ ♣≈§....♣
♣..≈§.♣..♣≈≈...♣.
♣.♣ ♣≈≈≈≈≈.♣
♣♣.♣♣.♣♣♣..≈≈≈)♣♣.
.♣♣
♣♣.≈≈≈[♣♣♣.....♣
♣♣.≈≈≈.♣.. ♣♣
♣.(..≈♣♣y@≈≈≈♣♣
♣♣≈≈≈....
♣....≈..≈≈≈.≈♣
♣♣≈≈....
♣♣.....≈≈≈≈.♣♣
♣♣≈≈...
♣"....≈≈≈..♣
♣.≈≈..
♣♣.♣..≈≈..♣♣
♣≈≈.♣. ♣♣.≈..≈..♣♣
♣§.≈.. ♣.≈≈≈≈≈.♣♣
♣≈≈... ♣♣.....♣♣
♣.≈≈≈. ♣.≈≈..♣
♣♣.≈≈≈.


You could see a hornet.

Vanquished Creatures
  A thorn hunter (Swamp:1)
  Josephine (D:13)
  A fire dragon (D:15)
  Harold (Lair:2)
  4 centaur warriors
  5 alligators
  2 hydras
  2 tengu warriors (D:14)
  4 death yaks
  Urug (D:14)
  An orc high priest (Orc:3)
  Nergalle (Lair:4)
  2 spriggans
  A skeletal warrior (D:12)
  An unseen horror (D:12)
  A spriggan druid (Swamp:2)
  2 swamp dragons (Swamp:1)
  A shambling mangrove (Swamp:1)
  A hornet (Swamp:1)
  3 orc knights
  7 ugly things
  4 hill giants
  6 orc sorcerers
  4 cyclopes
  A wolf spider zombie (D:14)
  2 black mambas
  2 manticores
  8 spiny frogs
  7 centaur skeletons
  2 kobold demonologists
  5 komodo dragons
  A guardian mummy (D:10)
  A fire drake (shapeshifter) (D:15)
  A redback zombie (D:15)
  An efreet (D:15)
  A freezing wraith (D:14)
  A fire drake (D:10)
  7 trolls
  13 blink frogs
  3 giant leeches
  5 bog bodies
  10 slime creatures
  3 two-headed ogres
  Sigmund (D:5)
  A shadow (D:14)
  A spriggan (shapeshifter) (D:15)
  A water elemental (D:15)
  42 yaks
  A wyvern (D:13)
  8 hippogriffs
  2 deep elf magi
  16 humans (D:12)
  A hippogriff (shapeshifter) (D:12)
  A hog (shapeshifter) (D:12)
  A hungry ghost (D:10)
  A basilisk (D:14)
  6 wraiths
  7 wargs
  7 water moccasins
  Edmund (D:5)
  20 vampire mosquitoes
  16 wolves
  11 swamp worms
  7 porcupines
  3 sky beasts
  4 swamp drakes
  An ice beast (D:7)
  15 orc warriors
  8 spiders (Lair:5)
  6 wasps
  14 ogres
  2 eyes of draining (D:3)
  4 black bears
  15 centaurs
  3 big kobolds
  7 crocodiles
  21 giant frogs
  A gnoll sergeant (D:12)
  3 wyvern skeletons
  6 scorpions
  10 wights
  13 killer bees
  2 electric eels (Lair:5)
  5 jellies
  3 vampire bats (D:7)
  2 giant frog zombies
  7 crimson imps
  An iron imp (D:8)
  2 centaur zombies
  2 giant frog skeletons
  19 orc priests
  14 worker ants
  6 hounds
  42 orc wizards
  6 iguanas
  7 sheep
  2 hound skeletons
  Robin (D:3)
  12 adders
  20 gnolls
  3 shadow imps
  39 river rats
  2 oozes
  4 adder skeletons
  4 worms
  6 giant geckos
  174 orcs
  6 bats
  4 bat skeletons (D:7)
  A bat zombie (D:7)
  3 giant cockroaches
  12 goblins
  16 hobgoblins
  15 jackals
  8 kobolds
  7 quokkas
  8 giant newts
  2 goblin skeletons (D:8)
  3 hobgoblin zombies (D:8)
  A jackal zombie (D:6)
  A kobold skeleton (D:8)
  A kobold zombie (D:8)
  An orc skeleton (D:8)
  4 rats
  A bush (Lair:5)
  18 fungi
  5 plants
921 creatures vanquished.

Vanquished Creatures (collateral kills)
  2 hydras
  An orc knight (Orc:4)
  An orc sorcerer (Orc:4)
  A vampire mosquito (D:15)
  3 orcs
8 creatures vanquished.

Vanquished Creatures (others)
  An ugly thing (D:15)
  A worker ant (D:6)
  An adder (D:6)
  4 orcs
  A fungus (Lair:5)
  2 plants (Lair:1)
10 creatures vanquished.

Grand Total: 939 creatures vanquished

Notes
Turn   | Place    | Note
--------------------------------------------------------------
     0 | D:1      | christos the Troll Fighter began the quest for the Orb.
     0 | D:1      | Reached XP level 1. HP: 22/22 MP: 0/0
   120 | D:1      | Reached XP level 2. HP: 29/29 MP: 1/1
   570 | D:2      | Reached skill level 3 in Unarmed Combat
   615 | D:2      | Reached XP level 3. HP: 36/36 MP: 2/2
   988 | D:3      | Noticed Robin
  1213 | D:3      | Killed Robin
  1315 | D:3      | Reached XP level 4. HP: 45/45 MP: 3/3
  1645 | D:3      | Found a bloodstained altar of Trog.
  1645 | D:3      | Noticed an eye of draining
  1645 | D:3      | Noticed an eye of draining
  1648 | D:3      | Reached XP level 5. HP: 53/53 MP: 0/4
  1659 | D:3      | Killed an eye of draining
  1659 | D:3      | Reached skill level 4 in Fighting
  1669 | D:3      | Killed an eye of draining
  1669 | D:3      | Reached XP level 6. HP: 61/63 MP: 0/5
  1715 | D:3      | Found an iron altar of Okawaru.
  2349 | D:4      | Reached skill level 5 in Fighting
  2418 | D:4      | Reached XP level 7. HP: 67/72 MP: 6/6
  2920 | D:5      | Entered Level 5 of the Dungeon
  2964 | D:5      | Noticed Edmund
  2986 | D:5      | Noticed Sigmund
  3565 | D:5      | Reached skill level 5 in Unarmed Combat
  3773 | D:5      | Killed Sigmund
  3773 | D:5      | Reached skill level 6 in Fighting
  3773 | D:5      | Reached XP level 8. HP: 81/83 MP: 7/7
  3867 | D:5      | Killed Edmund
  4065 | D:6      | Found a staircase to the Ecumenical Temple.
  4080 | Temple   | Entered the Ecumenical Temple
  4499 | D:6      | Found a stormy altar of Qazlal.
  4744 | D:6      | Reached skill level 7 in Fighting
  4813 | D:6      | Found a shimmering altar of Xom.
  5251 | D:6      | Reached XP level 9. HP: 89/93 MP: 8/8
  5397 | D:6      | Found a blossoming altar of Fedhas.
  5917 | D:6      | Found Xuvais's Gadget Emporium.
  5934 | D:6      | You fall through a shaft!
  6438 | D:7      | Reached skill level 8 in Unarmed Combat
  6627 | D:7      | Found an ancient bone altar of Kikubaaqudgha.
  6816 | D:7      | Noticed an angel
  6817 | D:7      | Found a glowing silver altar of Zin.
  6817 | D:7      | Found a shimmering altar of Xom.
  6846 | D:7      | Found a sacrificial altar of Ru.
  7385 | D:8      | Found a glowing golden altar of the Shining One.
  7848 | D:8      | Reached skill level 9 in Unarmed Combat
  8044 | D:8      | Found a radiant altar of Vehumet.
  8044 | D:8      | Found a burning altar of Makhleb.
  8117 | D:8      | Found a white marble altar of Elyvilon.
  8697 | D:9      | Reached XP level 10. HP: 92/106 MP: 9/9
  8784 | D:9      | Reached skill level 5 in Dodging
  9724 | D:10     | Entered Level 10 of the Dungeon
 10014 | D:10     | Found a staircase to the Lair.
 10170 | D:10     | Noticed a hill giant
 10204 | D:10     | Killed a hill giant
 10263 | D:10     | Found a portal to a secret trove of treasure.
 10746 | D:11     | Noticed Urug
 11282 | D:11     | Identified a scroll of acquirement
 11368 | D:12     | Noticed a hill giant
 11378 | D:12     | Killed a hill giant
 11378 | D:12     | Reached XP level 11. HP: 76/113 MP: 10/10
 11545 | D:12     | Noticed a brown ugly thing
 11554 | D:12     | Killed a brown ugly thing
 11703 | D:12     | Killed an unseen horror
 11778 | D:12     | Reached skill level 10 in Dodging
 11867 | D:12     | Noticed a harpy
 12014 | D:12     | Found a staircase to the Orcish Mines.
 12231 | D:6      | Became a worshipper of Qazlal Stormbringer
 12353 | Lair:1   | Entered Level 1 of the Lair of Beasts
 12386 | Lair:1   | Reached skill level 1 in Invocations
 12449 | Lair:1   | Noticed a six-headed hydra
 12452 | Lair:1   | Noticed a seven-headed hydra
 12808 | D:12     | Reached * piety under Qazlal
 12874 | Orc:1    | Entered Level 1 of the Orcish Mines
 12874 | Orc:1    | Found Irphac's Armour Shoppe.
 13528 | Orc:1    | Reached skill level 5 in Invocations
 14125 | Orc:3    | Found a staircase to the Elven Halls.
 14158 | Orc:3    | Reached ** piety under Qazlal
 15677 | Orc:4    | Entered Level 4 of the Orcish Mines
 15677 | Orc:4    | Found a roughly hewn altar of Beogh.
 15781 | Orc:4    | Reached XP level 12. HP: 106/122 MP: 16/16
 15887 | Orc:4    | Noticed an orc high priest
 16318 | Orc:3    | Killed an orc high priest
 16394 | Orc:4    | Reached *** piety under Qazlal
 16452 | Orc:4    | Paralysed by an orc sorcerer for 5 turns
 16465 | Orc:4    | Found Uxzeucw's Magic Scroll Emporium.
 16466 | Orc:4    | Found Laeplot's Weapon Shop.
 16678 | Orc:4    | Paralysed by an orc sorcerer for 5 turns
 16860 | Orc:4    | Reached skill level 10 in Unarmed Combat
 17106 | Orc:4    | Found a roughly hewn altar of Beogh.
 17267 | Orc:4    | Found a roughly hewn altar of Beogh.
 17434 | Orc:4    | Found Himp's Antique Armour Emporium.
 17434 | Orc:4    | Found Puudeofuu's Armour Shop.
 17514 | Orc:4    | Bought a scroll of enchant armour for 105 gold pieces
 17514 | Orc:4    | Bought a scroll of enchant armour for 105 gold pieces
 17657 | D:13     | Found a gate to the Vaults.
 17687 | D:12     | Reached **** piety under Qazlal
 17836 | D:12     | Reached skill level 10 in Fighting
 18230 | D:13     | Reached skill level 11 in Unarmed Combat
 18250 | D:13     | Noticed Josephine
 18274 | D:13     | Killed Josephine
 18583 | D:13     | Reached XP level 13. HP: 135/135 MP: 18/18
 18612 | D:13     | Found an iron altar of Okawaru.
 19139 | D:14     | Found an ancient bone altar of Kikubaaqudgha.
 19457 | D:14     | Reached ***** piety under Qazlal
 19571 | D:14     | Reached skill level 12 in Unarmed Combat
 19592 | D:14     | Killed Urug
 19621 | D:14     | Found a shadowy altar of Dithmenos.
 19821 | D:14     | Found a viscous altar of Jiyva.
 20106 | D:14     | Found Saapu Ciso's General Store.
 20113 | D:14     | Bought a scroll of teleportation for 45 gold pieces
 20248 | D:15     | Entered Level 15 of the Dungeon
 21202 | D:15     | Reached skill level 13 in Unarmed Combat
 21238 | D:15     | Reached XP level 14. HP: 117/150 MP: 19/19
 21301 | D:15     | Found Jacoj's Gadget Emporium.
 21582 | D:15     | Found a staircase to the Depths.
 21676 | D:15     | Reached skill level 1 in Armour
 21993 | D:10     | Killed a nine-headed hydra
 22018 | Lair:1   | Killed an 11-headed hydra
 23268 | Lair:2   | Reached skill level 5 in Armour
 23427 | Lair:2   | Noticed Harold
 23432 | Lair:2   | Killed Harold
 24889 | Lair:4   | Reached ****** piety under Qazlal
 24916 | Lair:4   | Noticed Nergalle
 24925 | Lair:4   | Killed Nergalle
 26241 | Lair:5   | Found a staircase to the Swamp.
 26310 | Lair:5   | Found a hole to the Spider Nest.
 26814 | Swamp:1  | Entered Level 1 of the Swamp
 26856 | Swamp:1  | Noticed a thorn hunter
 26925 | Swamp:1  | Killed a thorn hunter
 27135 | Lair:5   | Reached XP level 15. HP: 109/158 MP: 20/20
 28428 | Swamp:2  | Reached skill level 10 in Invocations
 28465 | Swamp:2  | Paralysed by a hornet for 4 turns
 28468 | Swamp:2  | HP: 4/158 [hornet (13)]
 28469 | Swamp:1  | Succumbed to a hornet's poison

Action                   |  1- 3 |  4- 6 |  7- 9 | 10-12 | 13-15 || total
-------------------------+-------+-------+-------+-------+-------++-------
Melee: Unarmed           |   148 |   138 |   451 |   855 |   898 ||  2490
Invok: Upheaval          |       |       |       |     2 |     5 ||     7
       Elemental Force   |       |       |       |     1 |     3 ||     4
Evoke: Wand              |       |       |       |     8 |     9 ||    17
       Box of beasts     |       |       |       |    10 |       ||    10
  Use: Potion            |       |     6 |     5 |    11 |     1 ||    23
       Scroll            |       |     9 |     3 |     9 |     8 ||    29
 Stab: Invisible         |       |       |     2 |       |       ||     2
       Sleeping          |       |       |     2 |       |       ||     2
       Distracted        |       |       |     1 |       |       ||     1
       Paralysed         |       |       |       |     2 |       ||     2
       Confused          |       |       |       |     1 |       ||     1
  Eat: Chunk             |    17 |    11 |    42 |    98 |    85 ||   253
       Meat ration       |       |       |     2 |       |       ||     2
       Beef jerky        |       |       |     1 |       |       ||     1
       Royal jelly       |       |       |       |     1 |       ||     1
       Pizza             |       |       |       |     1 |       ||     1
